 Dungeon Crawl Stone Soup version 0.23.1 (webtiles) character file.

Game seed: 17333893634003228105

41134 Kniotic the Martial Artist (level 13, -4/103 HPs)
             Began as a Demonspawn Monk on Mar 3, 2019.
             Was a Believer of Uskayaw.
             Killed by divine providence
             ... invoked by a meliai
              (10 damage)
             ... on level 4 of the Lair of Beasts.
             The game lasted 00:35:53 (18730 turns).

Kniotic the Martial Artist (Demonspawn Monk)       Turns: 18730, Time: 00:35:53

Health: -4/103     AC: 13    Str: 12    XL:     13   Next: 78%
Magic:  22/22      EV: 11    Int: 11    God:    Uskayaw [**....]
Gold:   822        SH:  0    Dex: 21    Spells: 21/24 levels left

rFire    + + .     SeeInvis .     - Unarmed
rCold    . . .     Gourm    .   (no shield)
rNeg     . . .     Faith    .   e - +0 steam dragon scales
rPois    .         Spirit   .   x - +0 helmet
rElec    .         Reflect  +   o - +2 cloak
rCorr    .         Harm     .   (no gloves)
MR       .....                  C - +0 pair of boots
Stlth    ++........             z - +5 amulet of reflection
HPRegen  0.27/turn              l - ring of protection from fire
MPRegen  0.18/turn              E - ring of protection from fire

@: about to teleport, petrifying, invisible, very slow
A: claws 2, slimy green scales 2, foul stench 1, powered by death 1, rot
immunity
a: Stomp, Line Pass, Renounce Religion


You were on level 4 of the Lair of Beasts.
You worshipped Uskayaw.
Uskayaw was noncommittal.
You were not hungry.

You visited 3 branches of the dungeon, and saw 17 of its levels.
You also visited: Ossuary and Volcano.

You collected 997 gold pieces.
You spent 175 gold pieces at shops.

Inventory:

Hand Weapons
 O - a +0 blowgun
Missiles
 y - 6 needles of sleeping
 P - 28 poisoned needles
Armour
 e - +0 steam dragon scales (worn)
 o - a +2 cloak (worn)
 x - a +0 helmet (worn)
 C - a +0 pair of boots (worn)
Jewellery
 h - an uncursed ring of magical power
 l - a ring of protection from fire (left claw)
 z - a +5 amulet of reflection (around neck)
 A - an uncursed ring of flight
 E - a ring of protection from fire (right claw)
 I - an uncursed amulet of faith {unknown}
 J - an uncursed ring of stealth
 Q - an uncursed amulet of rage
Wands
 p - a wand of acid (10)
 r - a wand of digging (4)
 F - a wand of disintegration (21)
 K - a wand of iceblast (20)
Scrolls
 f - 4 scrolls of fog
 g - 7 scrolls of teleportation
 j - 7 scrolls of amnesia
 n - a scroll of enchant weapon
 q - 3 scrolls of magic mapping
 u - 4 scrolls of enchant armour
 w - a scroll of fear {unknown}
 D - 2 scrolls of immolation
 L - 2 scrolls of remove curse
Potions
 c - 8 potions of curing
 i - 6 potions of lignification
 k - 4 potions of flight
 m - 5 potions of ambrosia
 s - 3 potions of cancellation
 t - 3 potions of brilliance
 v - 2 potions of magic
 M - 2 potions of might
Comestibles
 a - 15 chunks of flesh
 b - 17 rations


   Skills:
 - Level 10.0 Fighting
 - Level 10.0 Dodging
 - Level 1.7 Stealth
 * Level 14.4 Unarmed Combat
 + Level 6.1 Spellcasting
 - Level 6.0 Hexes


You had 21 spell levels left.
You knew the following spells:

 Your Spells              Type           Power        Failure   Level  Hunger
a - Confusing Touch       Hex            ###...       1%          1    None
b - Blink                 Tloc           N/A          28%         2    ##.....

Your spell library contained the following spells:

 Spells                   Type           Power        Failure   Level  Hunger
 Slow                     Hex            ###.....     2%          2    ##.....
 Animate Skeleton         Necr           N/A          19%         1    None
 Apportation              Tloc           #.....       19%         1    None
 Magic Dart               Conj           #...         19%         1    None
 Summon Small Mammal      Summ           #...         19%         1    None
 Call Imp                 Summ           #.......     28%         2    ##.....
 Conjure Flame            Conj/Fire      #.......     50%         3    ###....
 Mephitic Cloud           Conj/Pois/Air  #.......     50%         3    ###....


Dungeon Overview and Level Annotations

Branches:
Dungeon (12/15)            Temple (1/1) D:5            Lair (3/6) D:11
 Shoals (0/4) Lair:4       Spider (0/4) Lair:2          Orc (0/2) D:10

Altars:
Ashenzari
Cheibriados
Dithmenos
Elyvilon
Fedhas
Gozag
Hepliaklqana
Kikubaaqudgha
Makhleb
Nemelex Xobeh
Okawaru
Qazlal
Ru
Sif Muna
Trog
Uskayaw
Vehumet
Wu Jian
Xom
Yredelemnul
Zin
The Shining One

Shops:
D:5 (!*   D:10 %

Annotations:
D:5 Menkaure
D:11 exclusion: hydra
D:12 Rupert


Innate Abilities, Weirdness & Mutations

You have very sharp fingernails.
You are mostly covered in slimy green scales. (AC +3)
You may emit foul miasma when damaged in melee.
You regenerate a little health from kills.
You are immune to rotting.


Message History

The killer bee stings you but does no damage.
The killer bee looks sick.
The killer bee barely misses you. The basilisk gazes at you.
You are slowing down.
Okay, then.
Press: ? - help, v - describe, . - travel
Here: a meliai, wielding a +0 hand axe and wearing a +0 leather armour The floor.
You fade into invisibility!
The killer bee barely misses you. The killer bee closely misses you.
The killer bee stings you but does no damage.
The killer bee closely misses you. The meliai hits you but does no damage.
The meliai stings you but does no damage.
The meliai looks sick.
The basilisk bites you!
* * * LOW HITPOINT WARNING * * *
The basilisk looks sick.
You emit a cloud of foul miasma!
The killer bee stings you but does no damage.
The meliai mumbles some strange prayers to its god against you.
Something smites you!
You die...

#...h.... #.###
#.#...... . ....##.#
.....#
#.#..#.#.####....####
.......#)##P##..+P#.#
.......#.#..%......#
.......†y.%......(.###
.......ly...%....%.+.#
......y@yy%r.........#
.......###%%.......#..#
....... #...y....%%....
....... ##.%y..yy..##..
...[... ##.P#..####
....... ####.## .+##.##
#...# ## ##.## .#


You could see a basilisk, 2 meliai, a porcupine and 4 killer bees.

Vanquished Creatures
  3 hydras
  Erica (D:9)
  A hell hog (Volcano)
  A fire crab (Volcano)
  An unseen horror (D:11)
  An ugly thing (D:11)
  2 black mambas (Lair:2)
  6 elephants
  2 molten gargoyles (Volcano)
  3 spiny frogs
  3 komodo dragons
  A troll (D:9)
  A meliai (Lair:4)
  2 hornets
  Grinder (D:3)
  2 hippogriffs
  A redback (Lair:2)
  A wraith (D:10)
  A wyvern (Lair:1)
  10 fire bats (Volcano)
  23 yaks
  2 basilisks
  4 hungry ghosts
  A steam dragon (Volcano)
  An acid dragon (D:11)
  3 water moccasins
  11 porcupines
  Duvessa (D:5)
  A hell hound (Volcano)
  2 ice beasts
  5 orc warriors
  3 phantoms
  3 sky beasts
  A necrophage (D:5)
  A black bear (D:7)
  6 wolves (Lair:1)
  8 centaurs
  7 ogres
  8 crocodiles
  3 big kobolds
  10 bullfrogs
  A wyvern zombie (D:11)
  Dowan (D:5)
  A water moccasin skeleton (D:6)
  4 scorpions
  2 wyvern skeletons
  24 killer bees
  A howler monkey (D:7)
  2 lava snakes (Volcano)
  5 jellies
  5 crimson imps
  A centaur zombie (Ossuary)
  6 bullfrog zombies
  4 orc priests
  Crazy Yiuf (D:3)
  3 bullfrog skeletons
  5 hounds
  2 human zombies (Ossuary)
  Ijyb (D:3)
  2 iguanas
  12 orc wizards
  7 worker ants
  2 hound skeletons
  2 mummies (Ossuary)
  13 adders
  3 gnolls (D:6)
  2 shadow imps
  2 oozes
  3 adder zombies
  4 worms
  A dart slug (D:1)
  4 leopard geckos
  29 orcs
  A ball python (D:1)
  3 giant cockroaches
  7 goblins
  7 hobgoblins
  9 jackals
  5 quokkas
  5 bats
  5 frilled lizards
  2 goblin zombies (Ossuary)
  12 hobgoblin zombies (Ossuary)
  15 kobolds
  9 kobold zombies (Ossuary)
  A leopard gecko zombie (D:8)
  8 orc zombies (Ossuary)
  3 rats
  A rat zombie (Ossuary)
396 creatures vanquished.

Vanquished Creatures (others)
  A fire bat (Volcano)
  A centaur (D:10)
  A fungus (Lair:4)
3 creatures vanquished.

Grand Total: 399 creatures vanquished

Notes
Turn   | Place    | Note
-------+----------+-------------------------------------------
     0 | D:1      | Kniotic the Demonspawn Monk began the quest for the Orb.
     0 | D:1      | Reached XP level 1. HP: 18/18 MP: 1/1
    69 | D:1      | Reached skill level 3 in Unarmed Combat
   104 | D:1      | Gained mutation: You are partially covered in slimy green
                  | scales. (AC +2) [demonic ancestry]
   104 | D:1      | Reached XP level 2. HP: 22/24 MP: 2/2
   903 | D:2      | Reached XP level 3. HP: 28/29 MP: 3/3
  1089 | D:2      | Reached skill level 4 in Unarmed Combat
  1512 | D:2      | Gained mutation: You are immune to rotting. [demonic
                  | ancestry]
  1512 | D:2      | Reached XP level 4. HP: 26/35 MP: 4/4
  2427 | D:3      | Found a runed translucent door.
  2428 | D:3      | Noticed Crazy Yiuf
  2453 | D:3      | Noticed Ijyb
  2476 | D:3      | Killed Ijyb
  2476 | D:3      | Reached skill level 5 in Unarmed Combat
  2587 | D:3      | Gained mutation: You have sharp fingernails. [demonic
                  | ancestry]
  2587 | D:3      | Reached XP level 5. HP: 38/41 MP: 5/5
  2778 | D:3      | Noticed Grinder
  2804 | D:3      | Killed Grinder
  2804 | D:3      | Reached skill level 6 in Unarmed Combat
  2804 | D:3      | Reached XP level 6. HP: 12/47 MP: 6/6
  3074 | D:3      | Killed Crazy Yiuf
  3511 | D:4      | Found a burning altar of Makhleb.
  3907 | D:5      | Entered Level 5 of the Dungeon
  3954 | D:5      | Reached skill level 7 in Unarmed Combat
  3971 | D:5      | Gained mutation: You may emit foul miasma when damaged in
                  | melee. [demonic ancestry]
  3971 | D:5      | Reached XP level 7. HP: 46/52 MP: 7/7
  4049 | D:5      | Learned a level 1 spell: Confusing Touch
  4056 | D:5      | Found a staircase to the Ecumenical Temple.
  4065 | Temple   | Entered the Ecumenical Temple
  4076 | Temple   | Became a worshipper of Uskayaw the Reveler
  4076 | Temple   | Reached * piety under Uskayaw
  4118 | D:5      | Noticed Menkaure
  4163 | D:5      | Reached skill level 8 in Unarmed Combat
  4216 | D:5      | Found Usihuor's General Store.
  4229 | D:5      | Reached ** piety under Uskayaw
  4233 | D:5      | Bought a scroll of identify for 26 gold pieces
  4233 | D:5      | Bought a scroll of teleportation for 39 gold pieces
  4341 | D:5      | Found Bennomn's Distillery.
  4346 | D:5      | Bought a potion of curing for 33 gold pieces
  4346 | D:5      | Bought a potion of might for 44 gold pieces
  4346 | D:5      | Bought a potion of curing for 33 gold pieces
  4437 | D:5      | Noticed Dowan
  4453 | D:5      | Noticed Duvessa
  4464 | D:5      | Reached *** piety under Uskayaw
  4465 | D:5      | Found a sand-covered staircase.
  4473 | D:5      | Killed Duvessa
  4478 | D:5      | Reached **** piety under Uskayaw
  4479 | D:5      | Killed Dowan
  4503 | Ossuary  | Entered an ossuary
  4768 | Ossuary  | Reached skill level 9 in Unarmed Combat
  4768 | Ossuary  | Reached XP level 8. HP: 50/58 MP: 8/8
  5192 | D:5      | Found Iphidogum's Weapon Shoppe.
  6092 | D:6      | Reached skill level 10 in Unarmed Combat
  6466 | D:6      | Reached skill level 1 in Hexes
  7131 | D:7      | Found a glowing silver altar of Zin.
  7254 | D:7      | Noticed a hippogriff
  7264 | D:7      | Killed a hippogriff
  7264 | D:7      | Gained mutation: You regenerate a little health from kills.
                  | [demonic ancestry]
  7264 | D:7      | Reached XP level 9. HP: 58/66 MP: 9/9
  7446 | D:7      | Reached skill level 5 in Fighting
  7988 | D:8      | Reached skill level 5 in Dodging
  7994 | D:8      | Found a blossoming altar of Fedhas.
  8000 | D:8      | Found a shattered altar of Ashenzari.
  8000 | D:8      | Found a bloodstained altar of Trog.
  8008 | D:8      | Found a glowing golden altar of the Shining One.
  8010 | D:8      | Found an iron altar of Okawaru.
  8086 | D:8      | Found an ornate altar of the Wu Jian Council.
  8512 | D:8      | Found a shadowy altar of Dithmenos.
  8844 | D:8      | Gained mutation: You are mostly covered in slimy green
                  | scales. (AC +3) [demonic ancestry]
  8844 | D:8      | Reached XP level 10. HP: 71/77 MP: 10/10
  9796 | D:9      | Found an opulent altar of Gozag.
  9848 | D:9      | Found a shimmering altar of Xom.
 10233 | D:9      | Noticed Erica
 10255 | D:9      | Killed Erica
 10255 | D:9      | Reached skill level 5 in Hexes
 10782 | D:10     | Entered Level 10 of the Dungeon
 10987 | D:10     | Reached ***** piety under Uskayaw
 11140 | D:10     | Found a hide-covered altar of Uskayaw.
 11147 | D:10     | Found a staircase to the Orcish Mines.
 11365 | D:10     | Reached XP level 11. HP: 76/89 MP: 11/11
 12140 | D:10     | Found Biarr's Food Emporium.
 13106 | D:11     | Killed an unseen horror
 13483 | D:11     | Noticed a five-headed hydra
 13506 | D:11     | Reached skill level 10 in Fighting
 13706 | D:11     | Found a staircase to the Lair.
 13712 | D:11     | Noticed a purple ugly thing
 13725 | D:11     | Killed a purple ugly thing
 14297 | D:12     | Noticed Rupert
 14363 | Lair:1   | Entered Level 1 of the Lair of Beasts
 14479 | Lair:1   | Found a dark tunnel.
 14487 | Volcano  | Entered a volcano
 14543 | Volcano  | Reached skill level 10 in Dodging
 14631 | Volcano  | Reached skill level 1 in Spellcasting
 14683 | Volcano  | Found a bloodstained altar of Trog.
 14683 | Volcano  | Noticed a hell hog
 14694 | Volcano  | Killed a hell hog
 14903 | Volcano  | Noticed a fire crab
 14910 | Volcano  | Killed a fire crab
 15059 | Lair:1   | Reached skill level 11 in Unarmed Combat
 15168 | Lair:1   | Gained mutation: You have very sharp fingernails. [demonic
                  | ancestry]
 15168 | Lair:1   | Reached XP level 12. HP: 73/97 MP: 16/16
 15374 | Lair:1   | Identified the +6 scythe "Wuejuc" {speed, rN++ Int+4} (You
                  | found it on level 1 of the Lair of Beasts)
 15584 | Lair:1   | Noticed a five-headed hydra
 15628 | Lair:1   | Killed a five-headed hydra
 15915 | Lair:1   | Learned a level 2 spell: Blink
 17171 | Lair:2   | Reached skill level 12 in Unarmed Combat
 17174 | Lair:2   | Reached ****** piety under Uskayaw
 17530 | Lair:2   | Reached skill level 5 in Spellcasting
 17543 | Lair:2   | Reached skill level 13 in Unarmed Combat
 17543 | Lair:2   | Reached XP level 13. HP: 73/103 MP: 20/20
 17786 | Lair:2   | Found a hole to the Spider Nest.
 18275 | Lair:3   | Reached skill level 14 in Unarmed Combat
 18661 | Lair:3   | You fall through a shaft!
 18662 | Lair:4   | Noticed an entropy weaver
 18714 | Lair:4   | HP: 5/154 [meliai/divine providence (17)]
 18721 | Lair:4   | Found a staircase to the Shoals.
 18728 | Lair:4   | HP: 5/103 [meliai/divine providence (10)]
 18730 | Lair:4   | Killed from afar by a meliai

Skill      XL: |  1  2  3  4  5  6  7  8  9 10 11 12 13 |
---------------+----------------------------------------+-----
Unarmed Combat | 3 4 5 6 7 9 10 11 13 14 | 14.4
Dodging        | 4 6 8 10 | 10.0
Hexes          | 2 4 5 6 |  6.0
Fighting       | 4 6 9 10 | 10.0
Spellcasting   | 3 5 6 |  6.1
Stealth        | |  1.7

Action                   |  1- 3 |  4- 6 |  7- 9 | 10-12 | 13-15 || total
-------------------------+-------+-------+-------+-------+-------++-------
Melee: Unarmed           |   125 |   147 |   459 |   757 |   108 ||  1596
       Punch             |     1 |     3 |    24 |    38 |     8 ||    74
 Fire: Blowgun           |       |       |       |     1 |       ||     1
 Cast: Confusing Touch   |       |       |       |     1 |       ||     1
 Abil: Evoke Berserk Rag |       |       |       |     2 |       ||     2
Evoke: Wand              |       |     1 |     1 |     8 |     6 ||    16
  Use: Potion            |       |       |     2 |     3 |     7 ||    12
       Scroll            |       |       |    14 |    13 |     4 ||    31
 Stab: Sleeping          |     6 |     4 |     4 |     8 |     2 ||    24
       Distracted        |     1 |     1 |     1 |     1 |       ||     4
       Paralysed         |       |       |    15 |    35 |     8 ||    58
  Eat: Chunk             |     2 |     8 |    16 |    20 |     4 ||    50
       Ration            |       |       |     1 |     4 |       ||     5
Armor: Robe              |    32 |    22 |   106 |   142 |       ||   302
       Skin              |       |       |       |       |    44 ||    44
       Steam dragon scal |       |       |       |       |    19 ||    19
Dodge: Dodged            |    90 |    74 |   219 |   593 |    71 ||  1047
Block: Other             |       |       |    39 |   144 |    32 ||   215
       Reflection        |       |       |     1 |     6 |       ||     7
